 Dungeon Crawl Stone Soup version 0.30.1-6-gbe392663c4 (webtiles) character file.

Game seed: 14610912887496508052

32 safid the Chiller (level 3, -2/27 HPs)
             Began as a Merfolk Ice Elementalist on Sept 21, 2023.
             Slain by a quokka (3 damage)
             ... on level 2 of the Dungeon.
             The game lasted 00:01:09 (1012 turns).

safid the Chiller (Merfolk Ice Elementalist)        Turns: 1012, Time: 00:01:09

Health: -2/27      AC:  2    Str:  8    XL:     3   Next: 27%
Magic:  5/6        EV: 12    Int: 16    God:
Gold:   63         SH:  0    Dex: 14    Spells: 5/6 levels left

rFire   . . .        c - +0 dagger
rCold   . . .        (no shield)
rNeg    . . .        a - +0 robe
rPois   .            (no helmet)
rElec   .            (no cloak)
rCorr   .            (no gloves)
SInv    .            (no boots)
Will    .....        (no amulet)
Stlth   ++           (no ring)
HPRegen 0.24/turn    (no ring)
MPRegen 0.10/turn

%: no passive effects
@: no status effects
A: (nimble swimmer 2), mertail
a: no special abilities


You were on level 2 of the Dungeon.
You visited 1 branch of the dungeon, and saw 2 of its levels.

You collected 63 gold pieces.

Inventory:

Hand Weapons
 c - a +0 dagger (weapon)
Armour
 a - a +0 robe (worn)
Scrolls
 d - a scroll of fear {unknown}
 e - a scroll of blinking {unknown}
 g - a scroll of identify {unknown}
Potions
 b - a potion of magic
 f - 2 potions of curing {unknown}
 h - a potion of mutation {unknown}
 i - a potion of attraction {unknown}
 j - a potion of flight {unknown}


   Skills:
 + Level 1.7 Fighting
 - Level 2.6 Dodging
 - Level 2.1 Stealth
 + Level 2.4 Spellcasting
 + Level 4.8 Ice Magic


You had 5 spell levels left.
You knew the following spells:

 Your Spells              Type           Power      Damage    Failure   Level
a - Freeze                Ice            68%        1d8       2%          1

Your spell library contained the following spells:

 Spells                   Type           Power      Damage    Failure   Level
 Frozen Ramparts          Ice            34%        1d6       9%          3
 Ozocubu's Armour         Ice            17%        N/A       9%          3
 Blink                    Tloc           2%         N/A       30%         2
 Lesser Beckoning         Tloc           2%         N/A       30%         2
 Momentum Strike          Conj/Tloc      2%         3d8       30%         2
 Sublimation of Blood     Necr           1%         N/A       30%         2
 Wereblood                Tmut           1%         N/A       30%         2
 Summon Ice Beast         Ice/Summ       9%         N/A       58%         4
 Summon Hydra             Summ           0%         N/A       100%        7


Dungeon Overview and Level Annotations

Branches:
Dungeon (2/15)

Altars:


Innate Abilities, Weirdness & Mutations

((You are very nimble when in or above water. (Stealth+, EV+, Speed+++)))
Your lower body shifts to a powerful aquatic tail in water.


Message History

The goblin hits you with a +0 dagger. The goblin closely misses you.
You hit the quokka.
You kill the quokka!
The quokka barely misses you. The goblin closely misses you.
The goblin barely misses you. The quokka bites you.
Unknown command.
Casting: Freeze (safe; 2% risk of failure)
Confirm with . or Enter, or press ? or * to list all spells.
Aiming: Freeze (safe; 2% risk of failure)
Press: ? - help, Shift-Dir - straight line, f - worm
Aim: a worm You freeze the worm.
The worm is moderately wounded.
The quokka barely misses you. The goblin closely misses you.
The goblin hits you with a +0 dagger.
Casting: Freeze (safe; 2% risk of failure)
Confirm with . or Enter, or press ? or * to list all spells.
Aiming: Freeze (safe; 2% risk of failure)
Press: ? - help, Shift-Dir - straight line, f/p - worm
Aim: a worm (moderately wounded)
You freeze the worm.
The worm is heavily wounded.
The quokka closely misses you. The worm bites you!
* * * LOW HITPOINT WARNING * * *
The goblin closely misses you. The goblin hits you but does no damage.
Unknown command.
The quokka attacks as you move away! The quokka closely misses you.
The goblin attacks as you move away! The goblin barely misses you.
The goblin attacks as you move away! The goblin closely misses you.
The quokka bites you but does no damage.
The quokka attacks as you move away! The quokka misses you.
The quokka attacks as you move away! The quokka bites you.
* * * LOW HITPOINT WARNING * * *
A rat comes into view.
The quokka bites you.
* * * LOW HITPOINT WARNING * * *
The quokka attacks as you move away!
The quokka bites you but does no damage.
The quokka attacks as you move away! The quokka bites you.
You die...

#.. .. .....##.......#.
#>.###. #..#.......... #
.... #>............
##.##.#### #..#..........
#........# #.g##.........
#..##.##.####..###.....##.
# #.##..............##
##..##..######r.########
.........r....@..#
.#####....<......#
#.#.#.#.#.### #.#.†#†#.##
#.#.#)..#.# #)#..#†#...#
..#.#.#.#..# #..# ......
#.. ....###


You could see a quokka, a goblin and a rat (wandering).

Vanquished Creatures
  2 dart slugs (D:1)
  A ball python (D:1)
  5 bats
  2 endoplasms (D:1)
  2 giant cockroaches
  2 goblins (D:1)
  2 hobgoblins (D:1)
  2 quokkas
  2 frilled lizards
  4 kobolds (D:1)
  2 rats (D:1)
26 creatures vanquished.

Notes
Turn   | Place    | Note
-------+----------+-------------------------------------------
     0 | D:1      | safid the Merfolk Ice Elementalist began the quest for the
                  | Orb.
     0 | D:1      | Reached XP level 1. HP: 13/13 MP: 3/3
   165 | D:1      | Reached XP level 2. HP: 20/20 MP: 3/5
   168 | D:1      | Reached skill level 1 in Fighting
   656 | D:1      | Reached XP level 3. HP: 17/26 MP: 6/6
  1010 | D:2      | HP: 1/27 [quokka (3)]
  1012 | D:2      | Slain by a quokka

Illustrated notes

Levels and vault maps discovered:
D:1:      sevenhm_arrival_forest_fort_small_4, layout_basic, minmay_tromino_mix6
D:2:      layout_loops_ring, minmay_tiny_reverse_x

Skill      XL: |  1  2 |
---------------+-------+-----
Fighting       | 1 |  1.7
Dodging        | |  2.6
Stealth        | |  2.1
Spellcasting   | |  2.4
Ice Magic      | |  4.8

Action                     || total
---------------------------++-------
  Melee: Dagger            ||   130
         Punch             ||     1
   Cast: Freeze            ||     9
   Stab: Sleeping          ||     1
 Armour: Robe              ||    38
  Dodge: Dodged            ||   126
